 Dungeon Crawl Stone Soup version 0.31-a0-187-gba352fbbf7 (webtiles) character file.

Game seed: 14930785848829839977

45 qw the Shooter (level 3, -1/20 HPs)
             Began as a Deep Elf Hunter on June 22, 2023.
             Slain by Sigmund
             ... wielding a +0 scythe
              (6 damage)
             ... on level 2 of the Dungeon.
             The game lasted 00:00:19 (823 turns).

qw the Shooter (Deep Elf Hunter)                     Turns: 823, Time: 00:00:19

Health: -1/20      AC:  5    Str:  8 (10) XL:     3   Next: 42%
Magic:  5/5        EV: 10    Int: 10 (13) God:
Gold:   57         SH:  0    Dex: 15 (18) Spells: 2/2 levels left

rFire   . . .        Y - +0 shortbow
rCold   . . .        (shield currently unavailable)
rNeg    . . .        f - +0 ring mail
rPois   .            (no helmet)
rElec   .            (no cloak)
rCorr   .            (no gloves)
SInv    .            (no boots)
Will    .....        (no amulet)
Stlth   +            (no ring)
HPRegen 0.23/turn    (no ring)
MPRegen 0.09/turn

%: no passive effects
@: no status effects
A: no striking features
a: no special abilities


You were on level 2 of the Dungeon.
You visited 1 branch of the dungeon, and saw 2 of its levels.

You collected 57 gold pieces.


   Skills:
 - Level 1.5 Fighting
 + Level 7.0 Ranged Weapons
 - Level 2.4 Dodging
 - Level 1.2 Stealth


You had 2 spell levels left.
You didn't know any spells.
Your spell library was empty.

Inventory:

Hand Weapons
 Y - a +0 shortbow (weapon)
Armour
 f - a +0 ring mail (worn)
Scrolls
 a - a scroll of identify {unknown}
 b - a scroll of immolation {unknown}
Potions
 d - 2 potions of curing {unknown}
 i - a potion of haste {unknown}

Dungeon Overview and Level Annotations

Branches:
Dungeon (2/15)

Altars:

Shops:
D:2 [

Annotations:
D:2 Sigmund


Message History

Sigmund the Dreaded comes into view.
He is wielding a +0 scythe and carrying a wand of digging (7).
Enter note:
Enter note:
There is a large open door here.
Enter note:
Enter note: Sigmund shouts!
Enter note:
Enter note: You shoot an arrow.
The arrow hits Sigmund but does no damage.
Enter note:
Enter note: You shoot an arrow.
The arrow hits Sigmund!
Sigmund is moderately wounded.
Sigmund casts a spell at you.
You are confused.
Enter note:
Enter note: Sigmund closely misses you.
Sigmund gestures wildly while chanting.
Sigmund flickers and vanishes!
Deactivating autopickup; reactivate with Ctrl-A.
You shoot an arrow.
You feel less confused. Something hits you but does no damage.
You shoot an arrow.
You hear some strange, mumbled words.
A puff of flame appears from out of thin air!
The puff of flame hits you!
Ouch! That really hurt!
You shoot an arrow.
You hear some strange, mumbled words.
A puff of flame appears from out of thin air!
The puff of flame misses you.
You shoot an arrow. Something hits you.
You shoot an arrow. Something hits you.
You die...

#.# ### #.#
%.######.#####
#............#
#####.#...##.####
#......#....##
#.#...##.##..#
#.##...####''####
#.##.###~~~.@~¤~#
#....##~~.{¤...¤¤#
######¤~..¤¤¤...¤¤#
¤~...¤¤¤...¤¤~#
~.....~¤.....¤~ #
......~¤.....¤~
####
...¤¤¤~~~....¤.
...+
....¤8~¤8~.....
####


There were no monsters in sight!

Vanquished Creatures
  An adder (D:2)
  A worm (D:2)
  3 dart slugs (D:1)
  5 ball pythons
  2 bats (D:1)
  2 endoplasms
  A giant cockroach (D:1)
  A goblin (D:1)
  A hobgoblin (D:1)
  A frilled lizard (D:1)
  6 kobolds (D:1)
  3 rats (D:1)
27 creatures vanquished.

Notes
Turn   | Place    | Note
-------+----------+-------------------------------------------
     0 | D:1      | qw the Deep Elf Hunter began the quest for the Orb.
     0 | D:1      | Reached XP level 1. HP: 12/12 MP: 3/3
     0 | D:1      | 0 ||| qw: Version: 0.3-a-9-g12657ce
     0 | D:1      | 0 ||| qw: Game counter: 1972
     0 | D:1      | 0 ||| qw: Always use a shield: true
     0 | D:1      | 0 ||| qw: God list: Okawaru
     0 | D:1      | 0 ||| qw: Allow faded altars: false
     0 | D:1      | 0 ||| qw: Do Orc after D:15 true
     0 | D:1      | 0 ||| qw: Do second Lair branch before Depths: true
     0 | D:1      | 0 ||| qw: Lair rune preference: random
     0 | D:1      | 0 ||| qw: Plans: Normal
     0 | D:1      | 0 ||| PLANNING D:1-11
   256 | D:1      | Reached XP level 2. HP: 16/16 MP: 4/4
   259 | D:1      | Reached skill level 6 in Ranged Weapons
   547 | D:1      | Reached XP level 3. HP: 20/20 MP: 5/5
   615 | D:1      | 615 ||| UPGRADING to +0 ring mail.
   625 | D:1      | 625 ||| DROPPING +0 leather armour.
   626 | D:1      | 626 ||| READING scroll labelled OLEM NYNOGRA.
   629 | D:1      | 629 ||| READING scroll labelled EKUNOU TUARR.
   630 | D:1      | 630 ||| DRINKING 3 fizzy white potions.
   631 | D:1      | 631 ||| DROPPING scroll of butterflies.
   632 | D:1      | 632 ||| DROPPING 2 potions of degeneration.
   727 | D:2      | Found Ohalah's Armour Shoppe.
   788 | D:2      | Reached skill level 7 in Ranged Weapons
   810 | D:2      | Noticed Sigmund
   822 | D:2      | HP: 5/20 [something (6)]
   823 | D:2      | Slain by Sigmund

Levels and vault maps discovered:
D:1:      minmay_arrival_five_plusses, layout_loops_ring,
          amcnicky_mini_rare_corridor_liquid, minivault_11, minmay_distorted
D:2:      layout_loops_corners, basic_altar, serial_shops, shop,
          kennysheep_cross_room, uniq_sigmund, uniq_robin,
          uniq_crazy_yiuf_cottage

Skill      XL: |  1  2  3 |
---------------+----------+-----
Ranged Weapons | 6 7 |  7.0
Fighting       | |  1.5
Dodging        | |  2.4
Stealth        | |  1.2

Action                     || total
---------------------------++-------
   Fire: Shortbow          ||    68
    Use: Scroll            ||     2
         Potion            ||     1
 Armour: Leather armour    ||     1
         Ring mail         ||     1
  Dodge: Dodged            ||    10

Table legend:
 A = Non-vault XP
 B = Vault XP
 C = Vault XP percentage of total XP
 D = Non-vault monster count
 E = Vault monster count
 F = Vault count percentage of total count
                 A         B        C        D         E       F
            +---------+---------+-------+---------+---------+-------
      Total |      60 |       5 |   7.7 |      24 |       3 |  11.1
            +---------+---------+-------+---------+---------+-------
        D:1 |      38 |       5 |  11.6 |      20 |       3 |  13.0
        D:2 |      22 |       0 |   0.0 |       4 |       0 |   0.0
            +---------+---------+-------+---------+---------+-------
